 Dungeon Crawl Stone Soup version 0.29-a0-515-g7c1fb6cc08 (webtiles) character file.

Game seed: 14407317221884387643

12158 Bruhh the Blocker (level 11, -3/86 (96) HPs)
             Began as an Ogre Summoner on May 30, 2022.
             Was a Priest of Hepliaklqana.
             Slain by a spectral orc warrior
             ... wielding a +0 glaive
             ... summoned by Nergalle
              (11 damage)
             ... on level 2 of the Lair of Beasts.
             The game lasted 00:24:36 (15068 turns).

Bruhh the Blocker (Ogre Summoner)                  Turns: 15068, Time: 00:24:36

HP:   -3/86 (96)    AC: 10    Str: 14    XL:     11   Next: 89%
MP:   14/24         EV:  8    Int: 20    God:    Hepliaklqana [***...]
Gold: 603           SH: 16    Dex:  9    Spells: 14/28 levels left

rFire   + . .      SeeInvis .   x - +3 trident (freeze)
rCold   x . .      Faith    .   e - +0 kite shield
rNeg    . . .      Spirit   .   N - +0 acid dragon scales
rPois   .          Reflect  +   (helmet restricted)
rElec   .          Harm     .   f - +2 cloak {Will+}
rCorr   +          Rampage  .   (gloves unavailable)
Will    ++...                   (boots unavailable)
Stlth   +.........              y - amulet of reflection
HPRegen 0.24/turn               i - ring of fire
MPRegen 0.19/turn               (no ring)

@: studying Shields, heavily drained
A: reduced essence, large, unfitting armour, tough skin 1
a: Renounce Religion, Recall Ancestor, Ancestor Identity, Transference


You were on level 2 of the Lair of Beasts.
You worshipped Hepliaklqana.
Hepliaklqana was most pleased with you.
You visited 3 branches of the dungeon, and saw 13 of its levels.

You collected 603 gold pieces.

Inventory:

Hand Weapons
 x - a +3 trident of freezing (weapon)
 K - a +2 trident
 O - the +8 trident of Nitam {vamp, rC+ Int-3 SInv}
   (You found it on level 4 of the Dungeon)

   It occasionally heals its wielder for a portion of the damage dealt when it
   wounds a living foe.
   Int:       It affects your intelligence (-3).
   rC:        It protects you from cold.
   SInv:      It lets you see invisible.
Armour
 a - a +0 robe
 e - a +0 kite shield (worn)
 f - a +2 cloak of willpower (worn)
 l - +0 steam dragon scales
 N - +0 acid dragon scales (worn)
Jewellery
 g - a ring of poison resistance
 i - a ring of fire (left hand)
 n - an amulet of guardian spirit
 y - an amulet of reflection (around neck)
 F - a ring of resist corrosion
 P - a ring of wizardry
Wands
 E - a wand of paralysis (11)
 G - a wand of acid (12)
 I - a wand of charming (8)
 M - a wand of flame (10)
 R - a wand of digging (3)
Scrolls
 c - 9 scrolls of identify
 j - 3 scrolls of magic mapping
 m - 2 scrolls of teleportation
 o - 2 scrolls of enchant armour
 q - 3 scrolls of blinking
 z - a scroll of noise
 B - a scroll of silence
 H - a scroll of fog
 J - a scroll of brand weapon
 L - a scroll of amnesia
 S - a scroll of immolation {unknown}
Potions
 b - 3 potions of mutation {unknown}
 d - 2 potions of lignification
 h - 2 potions of curing
 k - 2 potions of might {unknown}
 p - 2 potions of degeneration {unknown}
 r - 2 potions of magic
 s - 2 potions of resistance {unknown}
 t - a potion of flight {unknown}
 u - a potion of ambrosia {unknown}
 v - 3 potions of berserk rage {unknown}
 w - 5 potions of brilliance
 A - 3 potions of attraction
 C - 3 potions of heal wounds {unknown}
 D - 2 potions of haste {unknown}
 Q - a potion of invisibility {unknown}
 T - 2 potions of cancellation {unknown}


   Skills:
 - Level 6.9 Fighting
 - Level 1.7 Dodging
 - Level 1.4 Stealth
 - Level 12.2 Shields
 - Level 9.0 Spellcasting
 + Level 4.9 Conjurations
 - Level 9.0 Summonings
 - Level 4.0 Air Magic
 - Level 4.0 Earth Magic
 + Level 6.0 Invocations


You had 14 spell levels left.
You knew the following spells:

 Your Spells              Type           Power      Damage    Failure   Level
a - Summon Small Mammal   Summ           100%       N/A       1%          1
b - Call Imp              Summ           45%        N/A       1%          2
c - Call Canine Familiar  Summ           45%        N/A       1%          3
d - Summon Lightning Spi  Summ/Air       35%        N/A       13%         4
e - Animate Armour        Summ/Erth      70%        N/A       13%         4

Your spell library contained the following spells:

 Spells                   Type           Power      Damage    Failure   Level
 Stone Arrow              Conj/Erth      54%        3d10      9%          3
 Summon Guardian Golem    Hex/Summ       27%        N/A       9%          3
 Apportation              Tloc           18%        N/A       19%         1
 Necrotize                Necr           36%        1d5       19%         1
 Freezing Cloud           Conj/Ice/Air   10%        6-21      83%         5
 Olgreb's Toxic Radiance  Pois           9%         N/A       88%         4
 Dispersal                Tloc           4%         N/A       100%        6
 Simulacrum               Ice/Necr       4%         N/A       100%        6
 Orb of Destruction       Conj           14%        9d7       100%        7
 Ozocubu's Refrigeration  Ice            4%         4d5       100%        7
 Spellforged Servitor     Conj/Summ      18%        N/A       100%        7
 Disjunction              Tloc           4%         N/A       100%        8
 Ignition                 Fire           6%         3d4       100%        8
 Lehudib's Crystal Spear  Conj/Erth      13%        10d5      100%        8
 Polar Vortex             Ice            4%         N/A       100%        9


Dungeon Overview and Level Annotations

Branches:
Dungeon (10/15)            Temple (1/1) D:4            Lair (2/6) D:10
    Orc (0/2) D:10
  Swamp: Lair:2-4    Shoals: Lair:2-4     Snake: Lair:2-4    Spider: Lair:2-4

Altars:
Hepliaklqana
Nemelex Xobeh
Qazlal
Trog
The Shining One

Shops:
D:3 (   D:5 =*   D:7 !(

Annotations:
D:7 1 runed translucent door, Crazy Yiuf
Lair:2 Nergalle


Innate Abilities, Weirdness & Mutations

Your life essence is reduced to manifest your ancestor. (-10% HP)
You are too large for most types of armour.
You have tough skin. (AC +1)


Message History

The spectral orc warrior barely misses you.
Reach: x) +3 trident (freeze)
Press: ? - help, Dir - move target, f/p - Nergalle
Aim: Nergalle, wielding a +0 dagger and wearing a +0 robe of cold resistance (severely wounded, ally target, about 43% to evade your +3 trident of freezing)
You reach to attack!
You hit Nergalle. You freeze Nergalle.
Nergalle is almost dead.
The spectral orc warrior hits Bianca with a +0 war axe.
You block the spectral orc warrior's attack.
The spectral orc knight hits you but does no damage.
Nergalle casts a spell at you.
Orcish apparitions take form around you.
The spectral orc warrior hits you with a +0 long sword.
Bianca barely misses the spectral orc warrior.
You block the spectral orc warrior's attack.
The spectral orc knight hits you with a +0 halberd!
* * * LOW HITPOINT WARNING * * *
Nergalle points at the spectral orc and mumbles some strange words.
The spectral orc seems to speed up.
You block the spectral orc warrior's attack.
Bianca blocks the spectral orc warrior's attack.
Reach: x) +3 trident (freeze)
Press: ? - help, Dir - move target, f/p - Nergalle
Aim: Nergalle, wielding a +0 dagger and wearing a +0 robe of cold resistance (almost dead, about 43% to evade your +3 trident of freezing)
You reach to attack!
You hit Nergalle.
Nergalle is almost dead.
You block the spectral orc warrior's attack.
Bianca closely misses the spectral orc warrior.
You block the spectral orc warrior's attack.
The spectral orc knight barely misses you.
The spectral orc warrior hits Bianca with a +0 war axe!
Bianca is destroyed!
You block the spectral orc warrior's attack.
The spectral orc knight barely misses you.
The spectral orc knight hits you from afar with a +0 glaive!
* * * LOW HITPOINT WARNING * * *
You feel drained.
* * * LOW HITPOINT WARNING * * *
The spectral orc warrior closely misses you.
The spectral orc warrior hits you with a +0 glaive!
You die...

#.. #.#.....# #..
..#.....# #.#
..#.....###
#..##.##.......#
#.....#......###
#...###.....#
####........## #
###.......>ZZ####....
#......P....Z@oZZ....
##..........ZZZZ.....
#........##Z##Z.####
#.........### ###
#........##
#........####
##.........#.#####.
#..................
##........†........


You could see Nergalle, a spectral orc (summoned, fast), 7 spectral orc warriors
and 3 spectral orc knights.

Vanquished Creatures
  2 komodo dragons
  A wyvern (D:9)
  A warg (D:10)
  A wolf (Lair:1)
  A centaur (D:7)
  A kobold brigand (D:6)
  2 bullfrogs
  A scorpion (D:7)
  3 wights
  A howler monkey (D:7)
  An orc priest (D:10)
  4 hounds
  A jelly (D:5)
  2 orc wizards
  2 adders
  A gnoll (D:7)
  A shadow imp (D:7)
  An ufetubus (D:5)
  3 worms
  A dart slug (D:1)
  8 orcs
  3 endoplasms
  A giant cockroach (D:1)
  2 hobgoblins
  2 jackals (D:1)
  A kobold (D:4)
  2 quokkas
  5 ball pythons
  4 bats
  3 frilled lizards (D:2)
  5 goblins
  3 rats
70 creatures vanquished.

Vanquished Creatures (collateral kills)
  A two-headed ogre (D:9)
  A black mamba (Lair:1)
  Maggie (D:6)
  A cane toad (Lair:2)
  6 komodo dragons
  Grinder (D:6)
  2 hornets
  2 wyverns
  11 yaks
  A steam dragon (D:10)
  Menkaure (D:7)
  An acid dragon (D:10)
  A warg (D:10)
  6 water moccasins
  4 orc warriors
  2 black bears
  3 ogres
  2 ice beasts
  3 wolves (Lair:1)
  A centaur (D:10)
  A phantom (D:5)
  2 bullfrogs
  A necrophage (D:7)
  3 gnoll sergeants
  5 scorpions
  3 wights
  12 killer bees
  4 howler monkeys
  A jelly (D:6)
  6 orc priests
  A hound (D:4)
  2 iguanas
  4 orc wizards
  5 adders
  10 gnolls
  A dart slug (D:4)
  33 orcs
  4 goblins
  4 hobgoblins
  8 kobolds
  3 quokkas
  A frilled lizard (D:1)
  2 rats
167 creatures vanquished.

Vanquished Creatures (others)
  Sonja (Lair:1)
  5 ancestors
  2 knights (Lair:2)
  A fungus (Lair:1)
  6 plants
15 creatures vanquished.

Grand Total: 252 creatures vanquished

Notes
Turn   | Place    | Note
-------+----------+-------------------------------------------
     0 | D:1      | Bruhh the Ogre Summoner began the quest for the Orb.
     0 | D:1      | Reached XP level 1. HP: 16/16 MP: 3/3
   133 | D:1      | Found a faded altar of an unknown god.
   363 | D:1      | Reached XP level 2. HP: 24/24 MP: 2/5
   770 | D:1      | Reached XP level 3. HP: 31/31 MP: 5/7
  1315 | D:2      | Learned a level 2 spell: Call Imp
  1646 | D:2      | Reached XP level 4. HP: 27/39 MP: 4/8
  2799 | D:3      | Found Nicyekk's Weapon Shoppe.
  3028 | D:4      | Found a staircase to the Ecumenical Temple.
  3044 | D:4      | Learned a level 3 spell: Call Canine Familiar
  3101 | D:4      | Reached skill level 5 in Summonings
  3101 | D:4      | Reached XP level 5. HP: 40/45 MP: 7/10
  3338 | D:4      | Noticed a wyvern
  3361 | D:4      | Killed a wyvern
  3362 | D:4      | Reached XP level 6. HP: 53/53 MP: 7/12
  3680 | D:4      | Reached skill level 5 in Spellcasting
  3969 | D:5      | Entered Level 5 of the Dungeon
  3980 | D:5      | Reached XP level 7. HP: 44/59 MP: 7/14
  4518 | D:5      | Reached XP level 8. HP: 67/67 MP: 16/18
  4621 | D:5      | Learned a level 4 spell: Summon Lightning Spire
  4810 | D:5      | Found Lodeggow's Jewellery Shoppe.
  4810 | D:5      | Found Boaklogi's Assorted Antiques.
  4984 | D:5      | Reached skill level 1 in Air Magic
  5343 | D:6      | Noticed Maggie
  6770 | D:6      | Noticed Grinder
  6782 | D:6      | Killed Grinder
  6783 | D:6      | Reached XP level 9. HP: 60/74 MP: 18/22
  6917 | D:6      | Paralysed by Maggie for 3 turns
  6925 | D:6      | Killed Maggie
  7477 | D:7      | Found Jeyra's Distillery.
  7587 | D:7      | Found a runed translucent door.
  7588 | D:7      | Noticed Crazy Yiuf
  8250 | D:7      | Reached skill level 1 in Fighting
  8283 | D:7      | Found Pis Foy's Weapon Emporium.
  8343 | D:7      | Found Xinasami's Distillery.
  8515 | D:7      | Found a bloodstained altar of Trog.
  8593 | D:7      | Reached skill level 5 in Fighting
  8665 | D:7      | Noticed Menkaure
  8670 | D:7      | Killed Menkaure
  8731 | D:7      | Reached XP level 10. HP: 97/100 MP: 19/23
  8868 | D:7      | Reached skill level 2 in Shields
  8878 | D:7      | Reached skill level 3 in Shields
  9261 | Temple   | Entered the Ecumenical Temple
  9268 | Temple   | Became a worshipper of Hepliaklqana the Forgotten
  9538 | D:8      | Reached skill level 4 in Shields
  9602 | D:8      | Reached skill level 5 in Shields
  9655 | D:8      | Reached * piety under Hepliaklqana
 10102 | D:8      | Reached skill level 6 in Shields
 10205 | D:9      | Reached skill level 7 in Shields
 10213 | D:9      | Reached skill level 8 in Shields
 10220 | D:9      | Reached skill level 9 in Shields
 10666 | D:9      | Reached skill level 10 in Shields
 10728 | D:9      | Reached skill level 1 in Earth Magic
 11284 | D:9      | Noticed a two-headed ogre
 11296 | D:9      | Killed a two-headed ogre
 11297 | D:9      | Reached skill level 11 in Shields
 11297 | D:9      | Reached XP level 11. HP: 96/96 MP: 18/24
 11811 | D:10     | Entered Level 10 of the Dungeon
 12003 | D:10     | Reached skill level 12 in Shields
 12060 | D:10     | Learned a level 4 spell: Animate Armour
 12173 | D:10     | Found a staircase to the Orcish Mines.
 12187 | D:10     | Reached ** piety under Hepliaklqana
 12188 | D:10     | Remembered your ancestor Bianca as a knight
 12201 | D:10     | Found a staircase to the Lair.
 13155 | D:4      | Identified the +8 trident of Nitam {vamp, rC+ Int-3 SInv}
 13340 | Lair:1   | Entered Level 1 of the Lair of Beasts
 13347 | Lair:1   | Reached skill level 1 in Conjurations
 13347 | Lair:1   | Reached skill level 1 in Invocations
 13683 | Lair:1   | Noticed Sonja
 13722 | Lair:1   | Killed Sonja
 13933 | Lair:1   | Reached *** piety under Hepliaklqana
 14714 | Lair:2   | Reached skill level 5 in Invocations
 15047 | Lair:2   | Noticed Nergalle
 15068 | Lair:2   | Slain by a spectral orc warrior

Illustrated notes

Levels and vault maps discovered:
D:1:      minmay_arrival_four_loops, layout_rooms,
          hellmonk_ecumenical_altar_dog_temple, minmay_misc_feat_rugged,
          st_stairs_3, roderic_malta_cross
D:2:      minmay_skewed_foursquare, layout_basic
D:3:      layout_rooms, serial_shops, nicolae_shop_bloodbath_and_beyond
D:4:      layout_gridville, minmay_temple_entry_large_hall, st_stairs_6,
          minmay_misc_feat_secret_circle, minmay_manual_monstrance
D:5:      layout_loops_ring, minmay_misc_feat_x, nicolae_wooded_promenade,
          chequers_serial_rivers_micro_a
D:6:      layout_loops_ring, minmay_misc_feat_pillars, uniq_grinder, uniq_maggie
D:7:      layout_gridville, amcnicky_altar_gilded, serial_shops,
          kennysheep_mini_moat, nicolae_shop_advertising_works
          [nicolae_subvault_shop_adworks], nicolae_shop_statue_plus,
          uniq_crazy_yiuf_cottage, uniq_menkaure
D:8:      cheibrodos_quashed, layout_gridville
D:9:      layout_irregular_city, library_closet
D:10:     layout_grid_maze, lair_entry_dummy, erik_orc_4
Temple:   nicolae_temple_the_god_donut
Lair:1:   layout_cave_pods, infiniplex_staircase_pool_2, uniq_sonja
Lair:2:   layout_small_grid, serial_forest, infiniplex_forest_clump_diagonal,
          infiniplex_forest_end_2, infiniplex_forest_corner_1,
          infiniplex_forest_clump_cross, infiniplex_forest_lined_4_way,
          infiniplex_forest_straight_3, infiniplex_forest_lined_1,
          infiniplex_forest_clump_medium, infiniplex_forest_lined_corner,
          chequers_serial_rivers_small_b, beast_lair_carwin_7,
          infiniplex_staircase_pool, uniq_nergalle

Skill      XL: |  1  2  3  4  5  6  7  8  9 10 11 |
---------------+----------------------------------+-----
Summonings     | 4 5 6 7 9 |  9.0
Spellcasting   | 3 4 5 6 9 |  9.0
Air Magic      | 4 |  4.0
Fighting       | 6 |  6.9
Shields        | 11 12 | 12.2
Earth Magic    | 3 4 |  4.0
Conjurations   | 4 |  4.9
Invocations    | 6 |  6.0
Dodging        | |  1.7
Stealth        | |  1.4

Action                   |  1- 3 |  4- 6 |  7- 9 | 10-12 || total
-------------------------+-------+-------+-------+-------++-------
Melee: Unarmed           |    26 |       |       |       ||    26
       Punch             |     2 |       |     1 |       ||     3
       Whip              |    34 |    44 |       |       ||    78
       Quarterstaff      |       |    36 |     9 |       ||    45
       Trident           |       |       |   162 |   174 ||   336
 Fire: Hunting sling     |    32 |       |       |       ||    32
 Cast: Summon Small Mamm |    35 |    51 |    54 |     4 ||   144
       Call Imp          |     2 |     8 |     7 |     4 ||    21
       Call Canine Famil |       |     4 |    19 |    20 ||    43
       Summon Lightning  |       |       |    26 |    35 ||    61
       Animate Armour    |       |       |       |     9 ||     9
Invok: Ancestor Identity |       |       |       |     2 ||     2
       Ancestor Life: Kn |       |       |       |     1 ||     1
  Use: Potion            |       |     1 |       |     1 ||     2
       Scroll            |       |       |     6 |     9 ||    15
 Stab: Sleeping          |       |       |     1 |       ||     1
       Distracted        |       |       |     3 |     2 ||     5
Armor: Robe              |    52 |    43 |    62 |    18 ||   175
       Skin              |       |       |       |     4 ||     4
       Acid dragon scale |       |       |       |    21 ||    21
       Steam dragon scal |       |       |       |     2 ||     2
Dodge: Dodged            |    55 |    54 |    81 |    45 ||   235
Block: Other             |       |       |    36 |     5 ||    41
       Kite shield       |       |       |       |   132 ||   132
       Reflection        |       |       |       |    11 ||    11

Table legend: (Time is in decaauts)
 A = Elapsed time spent in this place.
 B = Non-inter-level travel time spent in this place.
 C = Inter-level travel time spent in this place.
 D = Time resting spent in this place.
 E = Time spent auto-exploring this place.
 F = Levels seen in this place.
 G = Mean time per level.
                   A        B        C        D        E       F      G
               +--------+--------+--------+--------+--------+-----+--------+
         Total |  15240 |  14240 |   1000 |   1196 |  10626 |  13 | 1172.3 |
       Dungeon |  13459 |  12497 |    962 |   1196 |   9180 |  10 | 1345.9 |
        Temple |     14 |     14 |      0 |      0 |      0 |   1 |   14.0 |
          Lair |   1766 |   1729 |     37 |      0 |   1446 |   2 |  883.0 |
               +--------+--------+--------+--------+--------+-----+--------+

Top non-repeatable levels by time:
     D:5: 2041 daAuts
     D:6: 2036 daAuts
     D:9: 1708 daAuts
     D:7: 1420 daAuts
  Lair:1: 1343 daAuts
     D:1: 1317 daAuts
    D:10: 1240 daAuts
     D:2: 1146 daAuts
     D:4: 1108 daAuts
     D:8: 854 daAuts
     D:3: 584 daAuts
  Lair:2: 423 daAuts
  Temple: 14 daAuts
